 Dungeon Crawl Stone Soup version 0.31-a0-1178-gc5c9b8f871 (webtiles) character file.

Game seed: 10891887474179524168

2303 wingedge the Insei (level 8, -7/55 (63) HPs)
             Began as a Demigod Enchanter on Dec 11, 2023.
             Mangled by a wight
             ... wielding a +5 scimitar
              (11 damage)
             ... on level 7 of the Dungeon.
             The game lasted 00:35:41 (9245 turns).

wingedge the Insei (Demigod Enchanter)              Turns: 9245, Time: 00:35:42

HP:   -7/55 (63)    AC:  4    Str: 15    XL:     8   Next: 97%
MP:   0/14          EV: 12    Int: 21    God:
Gold: 1115          SH:  0    Dex: 14    Spells: 3/11 levels left

rFire   . .          .
                       - Unarmed
rCold   + . .        (no shield)
rNeg    . . .        E - +1 leather armour {rC+}
rPois   +            (helmet currently unavailable)
rElec   .            (cloak currently unavailable)
rCorr   +            (gloves currently unavailable)
SInv    +            i - melded +0 pair of boots
Will    .....        (no amulet)
Stlth   +            q - ring "Suhiase" {rPois rCorr Str+2 Slay+4 Stlth-}
HPRegen 0.29/turn    s - ring of see invisible
MPRegen 0.14/turn

%: no passive effects
@: beast-form, heavily drained, invisible
A: beast (slay +3), high MP 1, forlorn, divine attributes
a: Begin Untransformation


You were on level 7 of the Dungeon.
You were a hulking beast.
You visited 1 branch of the dungeon, and saw 7 of its levels.

You collected 1115 gold pieces.

Inventory:

Hand Weapons
 a - a +1 dagger of protection
 x - a +0 vampiric short sword
 y - a +0 dagger of draining
 z - a +1 vampiric spear
 G - a +0 whip of freezing
 P - a +2 trident of venom
Missiles
 o - 5 javelins
 H - a throwing net
 Q - 4 poisoned darts
Armour
 i - a +0 pair of boots (melded)
 E - a +1 leather armour of cold resistance (worn)
 F - a +1 chain mail of fire resistance
 N - a +0 cloak
Magical Staves
 m - a staff of poison
Jewellery
 f - a ring of flight
 q - the ring "Suhiase" (left hand) {rPois rCorr Str+2 Slay+4 Stlth-}
   (You found it on level 4 of the Dungeon)

   [ring of slaying]

   Str+2:     It affects your strength (+2).
   Slay+4:    It affects your accuracy & damage with ranged weapons and melee
   (+4).
   rPois:     It protects you from poison rCorr: It protects you from acid and
   corrosion.
   Stlth-:    It makes you less stealthy.
 s - a ring of see invisible (right hand)
 K - a ring of positive energy
Talismans
 b - a flux talisman
 J - a beast talisman (active)
Wands
 r - a wand of charming (20)
 w - a wand of digging (6)
Scrolls
 d - 2 scrolls of fear
 g - 3 scrolls of teleportation
 h - 2 scrolls of immolation
 p - a scroll of silence
 u - a scroll of vulnerability
 v - 2 scrolls of revelation
 A - a scroll of fog {unknown}
 B - a scroll of enchant armour {unknown}
 M - a scroll of summoning {unknown}
Potions
 c - a potion of invisibility
 e - a potion of ambrosia {unknown}
 j - 2 potions of mutation
 k - a potion of degeneration {unknown}
 l - a potion of enlightenment {unknown}
 n - 2 potions of curing
 t - a potion of berserk rage {unknown}
 C - 2 potions of haste
 D - a potion of might {unknown}
 I - 2 potions of attraction {unknown}
 L - a potion of lignification {unknown}
 O - 2 potions of heal wounds {unknown}
 R - 2 potions of cancellation {unknown}
 S - a potion of brilliance {unknown}


   Skills:
 + Level 3.1 Fighting
 - Level 1.0 Short Blades
 - Level 2.0 Dodging
 - Level 4.0 Stealth
 - Level 6.0 Unarmed Combat
 - Level 2.0 Spellcasting
 - Level 5.0 Hexes
 - Level 2.0 Ice Magic
 - Level 6.0 Shapeshifting


You had 3 spell levels left.
You knew the following spells:

 Your Spells              Type           Power      Damage    Failure   Level
a - Ensorcelled Hibernat  Hex/Ice        32%        N/A       6%          2
b - Tukima's Dance        Hex            23%        N/A       7%          3
c - Confusing Touch       Hex            23%        N/A       7%          3

Your spell library contained the following spells:

 Spells                   Type           Power      Damage    Failure   Level
 Magic Dart               Conj           8%         1d3       19%         1
 Dazzling Flash           Conj/Hex       24%        N/A       19%         3
 Inner Flame              Hex/Fire       12%        N/A       19%         3
 Searing Ray              Conj           4%         2d4       26%         2
 Fulminant Prism          Conj/Hex       6%         3d7       54%         4
 Flame Wave               Conj/Fire      2%         2d4       87%         4
 Sticky Flame             Conj/Fire      2%         2d3       87%         4


Dungeon Overview and Level Annotations

Branches:
Dungeon (7/15)             Temple (0/1) D:5

Shops:
D:4 =

Annotations:
D:5 1 runed translucent door, TransRights's ghost, amateur MiBe


Innate Abilities, Weirdness & Mutations

You are a hulking beast.
Your limbs bulge with bestial killing power. (Slay +3)
You have an increased reservoir of magic. (+10% MP)
You shall have no god before yourself.
Your divine heritage dramatically boosts your attributes as you level up.


Message History

The wight hits you with a +0 short sword.
Casting: Tukima's Dance (dangerous; 7% risk of failure)
Confirm with . or Enter, or press ? or * to list all spells.
Aiming: Tukima's Dance (dangerous; 7% risk of failure)
Press: ? - help, Shift-Dir - straight line, f - wight
Aim: a wight, wielding a +5 scimitar and wearing a +0 robe (chance to affect: 55%)
The wight resists with significant effort.
The wight hits you with a +0 short sword.
You feel drained.
You punch the wight!
The wight is severely damaged.
The wight hits you with a +5 scimitar!!
* * * LOW HITPOINT WARNING * * *
You feel drained.
* * * LOW HITPOINT WARNING * * *
The wight hits you with a +0 short sword.
* * * LOW HITPOINT WARNING * * *
Okay, then.
Unknown command.
Press: ? - help, v - describe, . - travel, g - get item
Here: a wight, wielding a +5 scimitar and wearing a +0 robe (severely damaged) Item here: a +0 scimitar.
The floor.
Unknown command.
You feel better. The wight hits you with a +5 scimitar.
* * * LOW HITPOINT WARNING * * *
You feel drained.
* * * LOW HITPOINT WARNING * * *
The wight hits you with a +0 short sword!
* * * LOW HITPOINT WARNING * * *
You feel drained.
* * * LOW HITPOINT WARNING * * *
Okay, then.
Unknown command.
Okay, then.
Unknown command.
Unknown command.
You fade into invisibility!
The wight hits you with a +5 scimitar!
You die...

##...# ##..#...
#....## #......#
###...###......#
#.......###.....
#....)..##....##
#..........†.##.
#............#..
######...............
##..hz#...........#...
#...z[................
#.......#.#...........
#.......####..........
##........#...........
###.........##.......
##........# .... .
#......>..z##.....
#.............z....


You could see 2 wights.

Vanquished Creatures
  2 water moccasins (D:6)
  2 sky beasts (D:7)
  2 ice beasts (D:6)
  2 black bears
  3 ogres
  2 bullfrogs
  2 scorpions
  4 wights (D:7)
  A howler monkey (D:4)
  A jelly (D:5)
  2 orc priests
  A gnoll bouda (D:4)
  4 hounds (D:6)
  An iguana (D:6)
  Terence (D:2)
  2 sleepcaps
  4 orc wizards
  Robin (D:4)
  7 gnolls
  6 adders
  2 white imps
  2 ufetubi (D:6)
  3 worms
  A dart slug (D:5)
  16 orcs
  8 ball pythons
  5 endoplasms
  3 giant cockroaches
  15 goblins
  10 hobgoblins
  11 kobolds
  5 quokkas
  3 bats
  5 frilled lizards
  4 rats
143 creatures vanquished.

Vanquished Creatures (collateral kills)
  2 wights (D:7)
2 creatures vanquished.

Vanquished Creatures (others)
  4 dancing weapons (D:7)
4 creatures vanquished.

Grand Total: 149 creatures vanquished

Notes
Turn   | Place    | Note
-------+----------+-------------------------------------------
     0 | D:1      | wingedge the Demigod Enchanter began the quest for the Orb.
     0 | D:1      | Reached XP level 1. HP: 14/14 MP: 5/5
   211 | D:1      | Reached skill level 1 in Short Blades
   562 | D:1      | Reached XP level 2. HP: 19/20 MP: 7/7
   820 | D:1      | Learned a level 2 spell: Ensorcelled Hibernation
  1404 | D:2      | Reached skill level 1 in Ice Magic
  1544 | D:2      | Reached XP level 3. HP: 22/26 MP: 3/8
  1732 | D:2      | Noticed Terence
  1894 | D:2      | Killed Terence
  1895 | D:2      | Reached skill level 1 in Fighting
  2251 | D:3      | Reached XP level 4. HP: 32/35 MP: 4/9
  2394 | D:3      | Learned a level 3 spell: Tukima's Dance
  3462 | D:3      | Reached XP level 5. HP: 21/41 MP: 3/10
  3769 | D:4      | Identified the ring "Suhiase" {rPois rCorr Str+2 Slay+4
                  | Stlth-}
  3833 | D:4      | Learned a level 3 spell: Confusing Touch
  4484 | D:4      | Noticed Robin
  4489 | D:4      | Killed Robin
  4490 | D:4      | Reached XP level 6. HP: 50/50 MP: 6/11
  5098 | D:4      | Found Zazaar's Jewellery Shoppe.
  5536 | D:5      | Entered Level 5 of the Dungeon
  5721 | D:5      | Found a runed translucent door.
  5725 | D:5      | Noticed TransRights's ghost (amateur MiBe)
  5767 | D:5      | Reached skill level 1 in Unarmed Combat
  5775 | D:5      | Reached skill level 1 in Shapeshifting
  5866 | D:5      | Reached skill level 5 in Hexes
  5902 | D:5      | Reached XP level 7. HP: 27/57 MP: 11/13
  6320 | D:5      | Found a staircase to the Ecumenical Temple.
  6526 | D:5      | Identified a scroll of acquirement
  6528 | D:5      | Acquired 741 gold pieces
  7292 | D:6      | Reached XP level 8. HP: 36/63 MP: 5/14
  8349 | D:6      | Reached skill level 5 in Shapeshifting
  8440 | D:6      | Reached skill level 5 in Unarmed Combat
  9245 | D:7      | Mangled by a wight

Illustrated notes

Levels and vault maps discovered:
D:1:      dpeg_arrival_tiny_j, layout_basic, minmay_close_crescents
D:2:      layout_basic, uniq_terence
D:3:      minmay_chambers_of_threes, layout_basic,
          shapermc_ecumenical_altar_petra
D:4:      layout_basic, serial_shops, shop, uniq_robin
D:5:      layout_basic, nicolae_overflow_hidden_temple,
          lemuel_temple_firewalk_b, ebering_ghost_sewer_d,
          serial_library_hellmonk_room_c
D:6:      kennysheep_spiral_hall, layout_layer_cave, okawaru_altar_gauntlet_db,
          mainiacjoe_overflow_concentric_impassable
D:7:      layout_cave_pools, kennysheep_mini_moat

Skill      XL: |  1  2  3  4  5  6  7  8 |
---------------+-------------------------+-----
Short Blades   | 1 |  1.0
Dodging        | 2 |  2.0
Spellcasting   | 2 |  2.0
Stealth        | 3 4 |  4.0
Hexes          | 3 4 5 |  5.0
Ice Magic      | 1 2 |  2.0
Fighting       | 1 2 3 |  3.1
Unarmed Combat | 2 4 6 |  6.0
Shapeshifting  | 1 3 6 |  6.0

Action                     |  1- 3 |  4- 6 |  7- 9 || total
---------------------------+-------+-------+-------++-------
  Melee: Short sword       |    49 |       |       ||    49
         Dagger            |    63 |   180 |    75 ||   318
         Spear             |    30 |    46 |       ||    76
         Punch             |     1 |     4 |     7 ||    12
         Unarmed           |       |       |    83 ||    83
   Cast: Ensorcelled Hiber |    15 |    62 |    16 ||    93
         Confusing Touch   |       |     3 |    16 ||    19
         Tukima's Dance    |       |       |     9 ||     9
  Evoke: Wand              |       |     1 |       ||     1
    Use: Potion            |     2 |     1 |     2 ||     5
         Scroll            |       |     6 |     5 ||    11
   Stab: Sleeping          |    14 |    40 |     9 ||    63
         Invisible         |     1 |       |       ||     1
         Confused          |       |     3 |    14 ||    17
 Armour: Robe              |    71 |    68 |       ||   139
         Leather armour    |       |    52 |   101 ||   153
  Dodge: Dodged            |    78 |   123 |   100 ||   301
   Form: Beast             |       |     1 |       ||     1

Table legend: (Time is in decaauts)
 A = Elapsed time spent in this place.
 B = Non-inter-level travel time spent in this place.
 C = Inter-level travel time spent in this place.
 D = Time resting spent in this place.
 E = Time spent auto-exploring this place.
 F = Levels seen in this place.
 G = Mean time per level.
                   A        B        C        D        E       F      G
               +--------+--------+--------+--------+--------+-----+--------+
         Total |   9190 |   8762 |    428 |   2351 |   4220 |   7 | 1312.9 |
       Dungeon |   9190 |   8762 |    428 |   2351 |   4220 |   7 | 1312.9 |
               +--------+--------+--------+--------+--------+-----+--------+

Top non-repeatable levels by time:
     D:6: 1909 daAuts
     D:4: 1864 daAuts
     D:3: 1476 daAuts
     D:5: 1248 daAuts
     D:1: 1191 daAuts
     D:2: 1082 daAuts
     D:7: 418 daAuts
